 Dungeon Crawl Stone Soup version 0.23.2 (webtiles) character file.

Game seed: 9768325937391672137

1591 cklessthan3 the Grappler (level 8, -5/78 HPs)
             Began as a Troll Berserker on Apr 6, 2019.
             Was a Priest of Trog.
             Slain by a vampire (7 damage)
             ... on level 6 of the Dungeon.
             The game lasted 00:12:27 (4187 turns).

cklessthan3 the Grappler (Troll Berserker)          Turns: 4187, Time: 00:12:28

Health: -5/78      AC:  7    Str: 28      XL:     8   Next: 61%
Magic:  16/16      EV: 10    Int:  3      God:    Trog [***...]
Gold:   253        SH:  0    Dex:  3 (9)  Spells: 7/7 levels left

rFire    . . .     SeeInvis .     - Unarmed
rCold    . . .     Gourm    +   (no shield)
rNeg     . . .     Faith    .   a - +1 animal skin
rPois    .         Spirit   .   (helmet restricted)
rElec    +         Reflect  .   (no cloak)
rCorr    .         Harm     .   (gloves unavailable)
MR       ++...     NoTele   +   (boots unavailable)
Stlth    +++.......             (no amulet)
HPRegen  1.63/turn              y - ring of Qozxiph {-Tele +Fly rElec MP+9 Stlth+}
MPRegen  0.15/turn              x - ring of stealth

@: regenerating
A: large, unfitting armour, claws 3, fast metabolism 3, gourmand, regeneration
1, shaggy fur 1, tough skin 3
a: Berserk, Trog's Hand, Renounce Religion, Evoke Flight


You were on level 6 of the Dungeon.
You worshipped Trog.
Trog was most pleased with you.
You were not hungry.

You visited 1 branch of the dungeon, and saw 6 of its levels.
You also visited: Ossuary.

You collected 343 gold pieces.
You spent 90 gold pieces at shops.

Inventory:

Armour
 a - a +1 animal skin (worn)
Jewellery
 e - an uncursed ring of see invisible
 j - an uncursed amulet of the gourmand
 l - an uncursed ring of flight
 t - an uncursed amulet of faith
 w - an uncursed ring of resist corrosion
 x - a ring of stealth (right claw)
 y - the ring of Qozxiph (left claw) {-Tele +Fly rElec MP+9 Stlth+}
   (You found it on level 5 of the Dungeon)

   [ring of flight]

   It insulates you from electricity.
   It affects your magic capacity (+9).
   It lets you fly.
   It prevents most forms of teleportation.
   It makes you more stealthy.
Scrolls
 c - 2 scrolls of teleportation
 f - 2 scrolls of enchant weapon {unknown}
 g - 8 scrolls of remove curse
 q - 2 scrolls of amnesia
 s - a scroll of magic mapping {unknown}
 u - a scroll of immolation {unknown}
 v - 2 scrolls of blinking
 A - 4 scrolls of fear {unknown}
 B - a scroll of torment {unknown}
Potions
 d - 5 potions of haste
 h - a potion of resistance
 i - a potion of degeneration {unknown}
 k - 3 potions of agility
 m - a potion of magic {unknown}
 n - 2 potions of flight {unknown}
 o - 2 potions of might {unknown}
 r - 2 potions of curing {unknown}
Comestibles
 b - 8 rations


   Skills:
 + Level 4.0 Fighting
 + Level 4.6 Dodging
 + Level 1.8 Stealth
 + Level 8.9 Unarmed Combat


You had 7 spell levels left.
You didn't know any spells.
Your spell library was empty.

Dungeon Overview and Level Annotations

Branches:
Dungeon (6/15)             Temple (0/1) D:4

Altars:
Dithmenos
Hepliaklqana
Okawaru
Qazlal

Shops:
D:5 ?:(*

Annotations:
D:6 2 transporters, bmj180's ghost, novice HaFi


Innate Abilities, Weirdness & Mutations

You are too large for most types of armour.
You have claws for hands.
Your metabolism is lightning-fast.
You like to eat raw meat.
Your natural rate of healing is unusually fast.
You are covered in fur. (AC +1)
You have extremely tough skin. (AC +3)


Message History

The quasit claws you but does no damage.
The quasit barely misses you.
The quasit bites you but does no damage.
The quasit claws you but does no damage. x2
You barely miss the quasit. Something hits you!
* * * LOW HITPOINT WARNING * * *
Something bites you.
* * * LOW HITPOINT WARNING * * *
Something draws strength from your injuries!
The quasit bites you but does no damage.
The quasit claws you.
* * * LOW HITPOINT WARNING * * *
The quasit barely misses you.
Okay, then.
Your skin crawls.
You feel resistant to hostile enchantments.
You feel somewhat more hungry. Something hits you!
* * * LOW HITPOINT WARNING * * *
Something bites you!
You die...

###### #######.....
#.............
#..............########
#..............#......#
#(...... ..............
#....†.# #.##..........
#....{5###.##..........
#.....@.##.##..........
........>.#..##.........
####......#.....#.........
...###....####...#........
.......#...###.#.........)
.........#................
<.......#####.............
........#....:.#..........
#.......####.##.).......


You could see a quasit.

Vanquished Creatures
  A wraith (Ossuary)
  A hungry ghost (D:6)
  Eustachio (D:6)
  An ogre (D:4)
  2 centaurs (D:6)
  2 bullfrogs (D:6)
  A wyvern skeleton (D:6)
  2 scorpions (D:4)
  A crimson imp (D:5)
  A jelly (D:4)
  A centaur zombie (D:6)
  2 orc priests
  A centaur skeleton (D:4)
  3 orc wizards
  An iguana (D:4)
  3 worker ants
  2 hound skeletons
  3 mummies (Ossuary)
  A worker ant zombie (D:6)
  7 gnolls
  5 adders
  An ooze (D:1)
  An adder skeleton (D:4)
  4 worms
  2 dart slugs (D:3)
  A leopard gecko (D:6)
  11 orcs
  2 giant cockroaches
  A gnoll zombie (Ossuary)
  A goblin (D:2)
  2 hobgoblins (D:1)
  2 jackals (D:4)
  5 quokkas
  2 ball pythons
  8 bats
  2 frilled lizards (D:2)
  5 goblin zombies (Ossuary)
  5 hobgoblin zombies (Ossuary)
  5 kobolds
  2 kobold zombies (Ossuary)
  A quokka skeleton (D:6)
  A quokka zombie (D:6)
  3 rats
  A butterfly (D:4)
110 creatures vanquished.

Notes
Turn   | Place    | Note
-------+----------+-------------------------------------------
     0 | D:1      | cklessthan3 the Troll Berserker began the quest for the
                  | Orb.
     0 | D:1      | Reached XP level 1. HP: 22/22 MP: 0/0
   222 | D:1      | Reached XP level 2. HP: 28/29 MP: 1/1
   707 | D:2      | Reached XP level 3. HP: 19/36 MP: 2/2
   895 | D:2      | Reached XP level 4. HP: 5/45 MP: 3/3
  1214 | D:2      | Reached ** piety under Trog
  1568 | D:3      | Reached skill level 4 in Unarmed Combat
  1924 | D:4      | Found a stormy altar of Qazlal.
  1985 | D:4      | Reached XP level 5. HP: 46/53 MP: 4/4
  2124 | D:4      | Reached skill level 5 in Unarmed Combat
  2124 | D:4      | Reached XP level 6. HP: 37/61 MP: 5/5
  2169 | D:4      | Found a staircase to the Ecumenical Temple.
  2219 | D:4      | Found a shadowy altar of Dithmenos.
  2424 | D:4      | Reached skill level 6 in Unarmed Combat
  2482 | D:4      | Reached XP level 7. HP: 67/67 MP: 6/6
  2596 | D:5      | Entered Level 5 of the Dungeon
  2647 | D:5      | Found Uchenyce's Book Shop.
  2682 | D:5      | Found an iron altar of Okawaru.
  2698 | D:5      | Found a sand-covered staircase.
  2719 | Ossuary  | Entered an ossuary
  2719 | Ossuary  | Noticed a wraith
  2719 | Ossuary  | Noticed a wraith
  2719 | Ossuary  | Noticed a wraith
  2764 | Ossuary  | Reached *** piety under Trog
  2873 | Ossuary  | Noticed a wraith
  2880 | Ossuary  | Killed a wraith
  3126 | D:5      | Reached skill level 7 in Unarmed Combat
  3143 | D:5      | Found Opevy's Assorted Antiques.
  3268 | D:5      | Got a vibrating ivory ring
  3316 | D:5      | Found Qiymuc's Magic Scroll Boutique.
  3324 | D:5      | Bought a scroll of identify for 30 gold pieces
  3324 | D:5      | Bought a scroll of identify for 30 gold pieces
  3324 | D:5      | Bought a scroll of identify for 30 gold pieces
  3330 | D:5      | Identified the ring of Qozxiph {-Tele +Fly rElec MP+9
                  | Stlth+} (You found it on level 5 of the Dungeon)
  3559 | D:5      | Found a hazy altar of Hepliaklqana.
  3574 | D:5      | Found Fus Sois's Weapon Shoppe.
  3667 | D:5      | Found Xeareroc's Jewellery Shop.
  3860 | D:6      | Noticed bmj180's ghost (novice HaFi)
  3861 | D:6      | Found a transporter.
  3875 | D:6      | Reached skill level 1 in Stealth
  3877 | D:6      | Noticed Eustachio
  3897 | D:6      | Killed Eustachio
  3897 | D:6      | Reached XP level 8. HP: 78/78 MP: 7/7
  3951 | D:6      | Found a transporter.
  3989 | D:6      | Reached skill level 8 in Unarmed Combat
  4187 | D:6      | HP: 2/78 [something (8)]
  4187 | D:6      | Slain by a vampire

Skill      XL: |  1  2  3  4  5  6  7  8 |
---------------+-------------------------+-----
Fighting       | 3 4 |  4.0
Dodging        | 3 4 |  4.6
Unarmed Combat | 4 5 6 7 8 |  8.9
Stealth        | 1 |  1.8

Action                   |  1- 3 |  4- 6 |  7- 9 || total
-------------------------+-------+-------+-------++-------
Melee: Unarmed           |    66 |   114 |   150 ||   330
       Punch             |     1 |     1 |     5 ||     7
Invok: Berserk           |       |       |     1 ||     1
       Trog's Hand       |       |       |     1 ||     1
  Use: Scroll            |       |       |    18 ||    18
       Potion            |       |       |     4 ||     4
 Stab: Sleeping          |       |       |     5 ||     5
  Eat: Chunk             |    14 |    14 |    14 ||    42
       Ration            |       |       |     2 ||     2
Armor: Animal skin       |    20 |    46 |    92 ||   158
Dodge: Dodged            |    39 |    46 |    97 ||   182
